 Dungeon Crawl Stone Soup version 0.25-a0-167-g836c352ace (webtiles) character file.

Game seed: 14025971036077031233, levelgen mode: deterministic

2468 Lanoc the Chopper (level 9, -5/88 HPs)
             Began as a Troll Gladiator on Nov 25, 2019.
             Was an Elder of Uskayaw.
             Slain by a yak (13 damage)
             ... on level 7 of the Dungeon.
             The game lasted 00:12:25 (4293 turns).

Lanoc the Chopper (Troll Gladiator)                 Turns: 4293, Time: 00:12:26

Health: -5/88      AC:  8    Str: 24    XL:     9   Next: 26%
Magic:  5/5        EV: 13    Int:  4    God:    Uskayaw [****..]
Gold:   259        SH:  0    Dex: 14    Spells: 8/8 levels left

rFire    . . .     SeeInvis .   k - +3 war axe (antimagic)
rCold    . . .     Gourm    +   (no shield)
rNeg     . . .     Faith    .   r - +2 robe {MR+}
rPois    .         Spirit   .   c - +0 hat
rElec    .         Reflect  .   (no cloak)
rCorr    .         Harm     .   (gloves unavailable)
MR       +....                  (boots unavailable)
Stlth    +.........             (no amulet)
HPRegen  0.64/turn              g - ring of magical power
MPRegen  0.09/turn              (no ring)

@: no status effects
A: large, unfitting armour, claws 3, fast metabolism 3, gourmand, regeneration
1, shaggy fur 1, tough skin 3
a: Stomp, Line Pass, Renounce Religion


You were on level 7 of the Dungeon.
You worshipped Uskayaw.
Uskayaw was noncommittal.
You were very full.

You visited 2 branches of the dungeon, and saw 8 of its levels.
You also visited: Sewer.

You collected 285 gold pieces.
You spent 26 gold pieces at shops.

Inventory:

Hand Weapons
 k - a +3 antimagic war axe (weapon)
Missiles
 d - 3 throwing nets
 l - 6 javelins
 o - 46 poisoned darts (quivered)
 t - 5 boomerangs
Armour
 c - a +0 hat (worn)
 r - a +2 robe of magic resistance (worn)
Jewellery
 g - a ring of magical power (left claw)
 m - an uncursed ring of magical power
Wands
 b - a wand of flame (5)
 j - a wand of clouds (4)
 C - a wand of enslavement (10)
 H - a wand of paralysis (8)
Scrolls
 a - a scroll of immolation {unknown}
 i - 2 scrolls of enchant weapon
 n - 4 scrolls of teleportation
 p - a scroll of amnesia
 s - 2 scrolls of fear {unknown}
 u - 3 scrolls of magic mapping {unknown}
 x - a scroll of blinking {unknown}
 y - 3 scrolls of fog {unknown}
 D - a scroll of remove curse
 E - a scroll of enchant armour {unknown}
 F - a scroll of random uselessness {unknown}
Potions
 e - a potion of cancellation
 h - 4 potions of curing
 q - a potion of flight
 v - 6 potions of heal wounds
 w - a potion of magic {unknown}
 z - a potion of might {unknown}
 A - a potion of lignification
 B - a potion of agility
 G - 2 potions of degeneration {unknown}
Comestibles
 f - 18 rations
 I - 5 chunks of flesh


   Skills:
 + Level 5.4 Fighting
 * Level 7.8 Axes
 - Level 1.7 Throwing
 + Level 5.7 Dodging
 * Level 1.1 Invocations


You had 8 spell levels left.
You didn't know any spells.
Your spell library was empty.

Dungeon Overview and Level Annotations

Branches:
Dungeon (7/15)             Temple (1/1) D:7           Sewer (visited)

Altars:
Ashenzari
Cheibriados
Dithmenos
Elyvilon
Fedhas
Gozag
Hepliaklqana
Kikubaaqudgha
Makhleb
Nemelex Xobeh
Okawaru
Qazlal
Ru
Sif Muna
Trog
Uskayaw
Vehumet
Wu Jian
Xom
Yredelemnul
Zin
The Shining One

Shops:
D:5 *

Annotations:
D:7 Prince Ribbit


Innate Abilities, Weirdness & Mutations

You are too large for most types of armour.
You have claws for hands.
Your metabolism is lightning-fast.
You like to eat raw meat.
Your natural rate of healing is unusually fast.
You are covered in fur. (AC +1)
You have extremely tough skin. (AC +3)


Message History

Your Invocations skill increases to level 1!
The yak is no longer paralysed. x4; The yak gores you.
The yak barely misses you. The yak gores you! The yak barely misses you.
Uskayaw will force your foes to share their pain.
Uskayaw links your audience in an emotional bond!
You hit the yak.
The yak is heavily wounded.
You hit the yak but do no damage. x2; You closely miss the yak.
The yak gores you!
* * * LOW HITPOINT WARNING * * *
The yak gores you!
* * * LOW HITPOINT WARNING * * *
The yak gores you!
* * * LOW HITPOINT WARNING * * *
The yak closely misses you.
Unknown command.
It was a potion of heal wounds.
You feel much better. The yak gores you!
* * * LOW HITPOINT WARNING * * *
The yak gores you!
You die...

#. .. ...# #.## ##
#.#.#.# #... ..
#.....######..####.
#....... ....#....
+.....# #..#.#..
#.....# ##.8.##..
#.YY..# #........
##Y@Y.# #8.>.8###
##.....# #........
#......# ##.8.####
###....# ##.#.##
##...###### #.#..#
##.......###....##
##..>...........#
#......####...##
#.#.#### ###.#


You could see 4 yaks.

Vanquished Creatures
  Grinder (D:4)
  A yak (D:7)
  Eustachio (D:5)
  Menkaure (D:4)
  A water moccasin (D:6)
  An ice beast (D:5)
  A black bear (D:7)
  A phantom (D:5)
  2 ogres (D:5)
  2 bullfrogs (Sewer)
  Blork the orc (D:4)
  A scorpion (D:4)
  3 crimson imps
  4 hounds
  6 orc wizards
  An orc priest (D:7)
  A bullfrog skeleton (D:5)
  Ijyb (D:3)
  A centaur skeleton (D:6)
  7 worker ants
  3 iguanas
  2 worker ant zombies
  5 river rats (Sewer)
  13 adders
  A howler monkey skeleton (D:4)
  A shadow imp (D:7)
  2 oozes (Sewer)
  An adder skeleton (D:6)
  2 worms
  A dart slug (D:2)
  5 leopard geckos
  31 orcs
  7 bats
  6 giant cockroaches
  7 hobgoblins
  10 jackals
  10 kobolds
  3 quokkas
  12 ball pythons (Sewer)
  12 frilled lizards
  5 goblins
  A quokka skeleton (D:6)
  32 rats
210 creatures vanquished.

Notes
Turn   | Place    | Note
-------+----------+-------------------------------------------
     0 | D:1      | Lanoc the Troll Gladiator began the quest for the Orb.
     0 | D:1      | Reached XP level 1. HP: 19/19 MP: 0/0
   148 | D:1      | Reached XP level 2. HP: 28/28 MP: 1/1
   740 | D:2      | Reached skill level 3 in Axes
   740 | D:2      | Reached XP level 3. HP: 35/35 MP: 2/2
   993 | D:2      | Reached XP level 4. HP: 28/42 MP: 3/3
  1133 | D:3      | Noticed Ijyb
  1143 | D:3      | Killed Ijyb
  1143 | D:3      | Reached XP level 5. HP: 19/50 MP: 4/4
  1233 | D:3      | Reached skill level 4 in Axes
  1787 | D:4      | Reached XP level 6. HP: 59/59 MP: 5/5
  1796 | D:4      | Noticed Blork the orc
  1829 | D:4      | Killed Blork the orc
  1859 | D:4      | Noticed Menkaure
  1865 | D:4      | Killed Menkaure
  1891 | D:4      | Reached skill level 5 in Axes
  1891 | D:4      | Reached XP level 7. HP: 29/67 MP: 5/6
  1908 | D:4      | Noticed Grinder
  1926 | D:4      | Killed Grinder
  1966 | D:4      | You fall into a shaft and drop 1 floor!
  1966 | D:5      | Entered Level 5 of the Dungeon
  2208 | D:4      | Found a glowing drain.
  2212 | Sewer    | Entered a sewer
  2362 | Sewer    | Reached skill level 6 in Axes
  2364 | Sewer    | Reached XP level 8. HP: 68/78 MP: 5/7
  2625 | D:4      | Found a burning altar of Makhleb.
  3024 | D:5      | Reached skill level 5 in Dodging
  3152 | D:5      | Found Defament's General Store.
  3163 | D:5      | Noticed Eustachio
  3174 | D:5      | Killed Eustachio
  3174 | D:5      | Reached skill level 7 in Axes
  3182 | D:5      | Bought a scroll of identify for 26 gold pieces
  3318 | D:5      | Reached skill level 5 in Fighting
  3375 | D:5      | Found a bloodstained altar of Trog.
  3468 | D:6      | Reached XP level 9. HP: 42/88 MP: 5/8
  4010 | D:7      | Found a stormy altar of Qazlal.
  4020 | D:7      | Found a staircase to the Ecumenical Temple.
  4033 | Temple   | Entered the Ecumenical Temple
  4149 | Temple   | Became a worshipper of Uskayaw the Reveler
  4210 | D:7      | Reached * piety under Uskayaw
  4265 | D:7      | Noticed Prince Ribbit
  4275 | D:7      | Reached ** piety under Uskayaw
  4290 | D:7      | Reached *** piety under Uskayaw
  4291 | D:7      | Reached skill level 1 in Invocations
  4291 | D:7      | Reached **** piety under Uskayaw
  4292 | D:7      | HP: 1/88 [yak (8)]
  4293 | D:7      | Slain by a yak

Levels and vault maps discovered:
D:1:      dpeg_arrival_stone_temple_mockup, layout_loops_ring,
          roderic_roman_lattice, kennysheep_another_room
D:2:      layout_basic, minmay_lizard_pond
D:3:      layout_rooms, serial_curves, eino_curves_01, eino_curves_04,
          first_ration, uniq_ijyb
D:4:      layout_rooms, gup_sewer_entry_spiral, makhleb_blood_cavern_becter,
          uniq_blork_the_orc, uniq_menkaure, uniq_grinder
D:5:      layout_cave_pools, serial_shops, shop, trog_hazing_becter,
          uniq_eustachio
D:6:      layout_rooms
D:7:      minmay_the_grid_octo_triangle [minmay_the_grid_octo_toaster,
          minmay_the_grid_octo_prize_ultimate_mussel_roller,
          minmay_the_grid_octo_clover], layout_loops_cross,
          nicolae_qazlal_eye_of_the_storm, minmay_temple_entry_statues_pillars,
          grunt_ogre_cave, uniq_prince_ribbit1
Temple:   kilobyte_greek_temple

Skill      XL: |  1  2  3  4  5  6  7  8  9 |
---------------+----------------------------+-----
Fighting       | 2 3 4 5 |  5.4
Axes           | 3 4 5 6 7 |  7.8
Dodging        | 3 4 5 |  5.7
Invocations    | 1 |  1.1
Throwing       | |  1.7

Action                   |  1- 3 |  4- 6 |  7- 9 || total
-------------------------+-------+-------+-------++-------
Melee: War axe           |   116 |    91 |   308 ||   515
Throw: Dart              |       |    15 |       ||    15
       Throwing net      |       |     1 |     3 ||     4
  Use: Scroll            |       |     9 |     2 ||    11
       Potion            |       |     1 |     1 ||     2
 Stab: Sleeping          |     1 |       |       ||     1
       Held in net/web   |       |     1 |     2 ||     3
       Paralysed         |       |       |     5 ||     5
  Eat: Chunk             |    15 |     8 |    24 ||    47
Armor: Robe              |    56 |    44 |   123 ||   223
Dodge: Dodged            |   114 |    71 |   218 ||   403

Table legend:
 A = Non-vault XP
 B = Vault XP
 C = Vault XP percentage of total XP
 D = Non-vault monster count
 E = Vault monster count
 F = Vault count percentage of total count
                 A         B        C        D         E       F
            +---------+---------+-------+---------+---------+-------
      Total |    2353 |    1173 |  33.3 |     138 |      72 |  34.3
            +---------+---------+-------+---------+---------+-------
        D:1 |      29 |       0 |   0.0 |      19 |       0 |   0.0
        D:2 |     118 |       6 |   4.8 |      19 |       6 |  24.0
        D:3 |     187 |      36 |  16.1 |      28 |       1 |   3.4
        D:4 |     400 |     571 |  58.8 |      22 |      10 |  31.2
        D:5 |     646 |     198 |  23.5 |      17 |       7 |  29.2
        D:6 |     556 |       0 |   0.0 |      24 |       0 |   0.0
        D:7 |     417 |       0 |   0.0 |       9 |       0 |   0.0
      Sewer |       0 |     362 | 100.0 |       0 |      48 | 100.0
            +---------+---------+-------+---------+---------+-------
